 Dungeon Crawl Stone Soup version 0.27-a0-1590-g15f69828bf (webtiles) character file.

Game seed: 10754249459537573140

55 Aviak the Ducker (level 4, 0/33 HPs)
             Began as a Djinni Fire Elementalist on July 18, 2021.
             Killed from afar by a white imp (9 damage)
             ... with a puff of frost
             ... summoned by Natasha
             ... on level 2 of the Dungeon.
             The game lasted 00:01:56 (1660 turns).

Aviak the Ducker (Djinni Fire Elementalist)         Turns: 1660, Time: 00:01:57

Health: 0/33       AC:  3    Str:  7    XL:     4   Next: 14%
Gold:   46         EV: 12    Int: 18    God:
                   SH:  0    Dex: 13

rFire    + + .     SeeInvis .   j - +0 spear (freeze)
rCold    x . .     Faith    .   (no shield)
rNeg     . . .     Spirit   .   f - +0 leather armour
rPois    ∞         Reflect  .   (no helmet)
rElec    .         Harm     .   (no cloak)
rCorr    .         Rampage  .   (no gloves)
Will     .....                  (boots unavailable)
Stlth    ++........             (no amulet)
HPRegen  0.11/turn              (no ring)
MPRegen  0.00/turn              (no ring)

@: flying, slowed, very slow
A: sickness immunity, fire resistance 2, cold vulnerability 1, float, innate
caster, hp casting, extra vitality 1
a: no special abilities


You were on level 2 of the Dungeon.
You visited 1 branch of the dungeon, and saw 2 of its levels.

You collected 46 gold pieces.

Inventory:

Hand Weapons
 j - a +0 spear of freezing (weapon)
Armour
 a - a +0 robe
 f - a +0 leather armour (worn)
Scrolls
 b - a scroll of identify {unknown}
 c - a scroll of blinking {unknown}
 d - a scroll of enchant armour {unknown}
 e - a scroll of holy word {unknown}
 h - a scroll of summoning {unknown}
 k - a scroll of teleportation {unknown}
Potions
 g - a potion of curing {unknown}
 i - a potion of haste {unknown}


   Skills:
 + Level 1.7 Fighting
 + Level 3.1 Dodging
 - Level 1.5 Stealth
 + Level 2.9 Spellcasting


You couldn't memorise any spells.
You knew the following spells:

 Your Spells              Type           Power      Damage    Failure   Level
a - Foxfire               Conj/Fire      52%        2x1d6     8%          1
b - Conjure Flame         Conj/Fire      13%        6-21      22%         3
c - Inner Flame           Hex/Fire       13%        N/A       22%         3
d - Sticky Flame          Conj/Fire      13%        2d4       58%         4
e - Fireball              Conj/Fire      6%         3d5       91%         5
f - Sting                 Tmut/Pois      52%        1d5       8%          1
Your spell library was empty.

Dungeon Overview and Level Annotations

Branches:
Dungeon (2/15)

Altars:

Annotations:
D:2 Natasha


Innate Abilities, Weirdness & Mutations

You are immune to sickness and miasma.
You are immune to poison.
Your flesh is very heat resistant. (rF++)
You are vulnerable to cold. (rC-)
You float through the air rather than walking.
You learn spells naturally, not from books.
Your magical power is your life essence.
You have superior vitality. (+4 HP)


Message History

You reach to attack!
You barely miss Natasha.
You reach to attack!
You closely miss Natasha.
Natasha stares at you and mumbles some strange words.
The magic dart hits you.
You reach to attack!
You closely miss Natasha.
You reach to attack!
You closely miss Natasha.
You reach to attack!
You hit Natasha but do no damage.
You reach to attack!
You miss Natasha.
You reach to attack!
You hit Natasha but do no damage.
Natasha wildly gestures.
Natasha shimmers violently.
Natasha casts a spell at you.
You feel yourself slow down.
You reach to attack!
You hit Natasha. You freeze Natasha.
Natasha is moderately wounded.
Natasha casts a spell.
Casting: Conjure Flame (quite dangerous; 22% risk of failure)
Confirm with . or Enter, or press ? or * to list all spells.
Aiming: Sting (safe; 8% risk of failure)
Press: ? - help, Shift-Dir - straight line, f/p - Natasha
Aim: Natasha (moderately wounded, 64% to hit)
The sting hits Natasha.
Natasha is poisoned.
Natasha is heavily wounded.
The white imp hits you. The white imp freezes you.
You feel a terrible chill! Natasha barely misses you.
Casting: Sting (safe; 8% risk of failure)
Confirm with . or Enter, or press ? or * to list all spells.
Aiming: Sting (safe; 8% risk of failure)
Press: ? - help, Shift-Dir - straight line, f/p - Natasha
Aim: Natasha (moderately wounded, poisoned, 64% to hit)
The sting hits Natasha but does no damage.
Natasha looks even sicker.
Natasha is moderately wounded.
The white imp hits you. The white imp freezes you.
You feel a terrible chill! Natasha claws you.
* * * LOW HITPOINT WARNING * * *
Natasha barely misses you. The white imp gestures at you.
The puff of frost hits you!
You feel a terrible chill!
You die...

. #..###..# .##
#.......# .!#
#........ #.#
#..####.# #.#
#..# #..# #.#
###..# #.(# #.#
##....# #..# #h#
#.##..###..# #@#
#.#......... #5#
#.#.#.###... #.#
#...## #.## #.#
####...####.#
#.###....#......#
#.....##...######
#########.##
#.########
#.......<.


You could see Natasha (very poisoned) and a white imp (summoned).

Vanquished Creatures
  An adder (D:2)
  3 dart slugs (D:1)
  4 bats (D:1)
  2 endoplasms (D:1)
  A goblin (D:1)
  4 hobgoblins
  6 jackals (D:1)
  5 kobolds (D:1)
  A quokka (D:1)
  3 ball pythons (D:1)
  2 frilled lizards (D:1)
  5 rats
37 creatures vanquished.

Vanquished Creatures (others)
  140 foxfires
140 creatures vanquished.

Grand Total: 177 creatures vanquished

Notes
Turn   | Place    | Note
-------+----------+-------------------------------------------
     0 | D:1      | Aviak the Djinni Fire Elementalist began the quest for the
                  | Orb.
     0 | D:1      | Reached XP level 1. HP: 15/15 MP: 0/0
   236 | D:1      | Reached XP level 2. HP: 19/22 MP: 0/0
   489 | D:1      | Reached skill level 1 in Fighting
   683 | D:1      | Reached XP level 3. HP: 22/27 MP: 0/0
   683 | D:1      | Learned a level 1 spell: Sting
  1063 | D:1      | Reached skill level 3 in Dodging
  1472 | D:2      | Reached XP level 4. HP: 21/33 MP: 0/0
  1645 | D:2      | Noticed Natasha
  1660 | D:2      | Killed from afar by a white imp

Illustrated notes

Levels and vault maps discovered:
D:1:      dpeg_arrival_erosion, layout_rooms, glass_columns_b, st_stairs_12
D:2:      layout_loops_ring, ebering_ecumenical_altar_abandoned, uniq_natasha

Skill      XL: |  1  2  3 |
---------------+----------+-----
Fighting       | 1 |  1.7
Dodging        | 3 |  3.1
Stealth        | |  1.5
Spellcasting   | |  2.9

Action                   |  1- 3 |  4- 6 || total
-------------------------+-------+-------++-------
Melee: Spear             |       |     9 ||     9
 Cast: Foxfire           |    79 |       ||    79
       Sting             |       |     2 ||     2
       Conjure Flame     |       |     1 ||     1
Armor: Robe              |     2 |       ||     2
       Leather armour    |     1 |       ||     1
Dodge: Dodged            |     7 |     2 ||     9

Table legend: (Time is in decaauts)
 A = Elapsed time spent in this place.
 B = Non-inter-level travel time spent in this place.
 C = Inter-level travel time spent in this place.
 D = Time resting spent in this place.
 E = Time spent auto-exploring this place.
 F = Levels seen in this place.
 G = Mean time per level.
                   A        B        C        D        E       F      G
               +--------+--------+--------+--------+--------+-----+--------+
         Total |   1661 |   1616 |     45 |      0 |   1407 |   2 |  830.5 |
       Dungeon |   1661 |   1616 |     45 |      0 |   1407 |   2 |  830.5 |
               +--------+--------+--------+--------+--------+-----+--------+

Top non-repeatable levels by time:
     D:1: 1441 daAuts
     D:2: 219 daAuts
